 Dungeon Crawl Stone Soup version 0.22-a0-480-g991dd4b (webtiles) character file.

1271 KillYourself the Cleaver (level 8, -4/70 HPs)
             Began as a Minotaur Fighter on June 16, 2018.
             Was an Initiate of Qazlal.
             Killed from afar by Pikel (41 damage)
             ... with an exploding inner flame
             ... hexed by the player character
             ... on level 6 of the Dungeon.
             The game lasted 00:16:12 (4353 turns).

KillYourself the Cleaver (Minotaur Fighter)         Turns: 4353, Time: 00:16:12

Health: -4/70      AC:  9    Str: 23    XL:     8   Next: 28%
Magic:  7/7        EV:  8    Int:  5    God:    Qazlal [......]
Gold:   239        SH: 11    Dex: 10    Spells: 7/7 levels left

rFire    . . .     SeeInvis .   a - +2 war axe
rCold    . . .     Gourm    .   c - +1 shield
rNeg     . . .     Faith    .   b - +0 scale mail
rPois    +         Spirit   .   (helmet restricted)
rElec    .         Reflect  .   k - +0 cloak
rCorr    .         Harm     .   (no gloves)
MR       .....                  (no boots)
Stlth    ..........             (no amulet)
HPRegen  0.21/turn              h - ring of poison resistance
MPRegen  0.10/turn              (no ring)

@: no status effects
A: retaliatory headbutt, horns 2
a: Renounce Religion


You were on level 6 of the Dungeon.
You worshipped Qazlal.
Qazlal was noncommittal.
You were not hungry.

You visited 1 branch of the dungeon, and saw 6 of its levels.

You collected 239 gold pieces.

Inventory:

Hand Weapons
 a - a +2 war axe (weapon)
 j - a +4 quarterstaff of chaos
 o - a +0 broad axe
Armour
 b - a +0 scale mail (worn)
 c - a +1 shield (worn)
 k - a +0 cloak (worn)
Jewellery
 h - a ring of poison resistance (left hand)
Scrolls
 e - 5 scrolls of identify
 i - 5 scrolls of teleportation
 m - 2 scrolls of remove curse {unknown}
 q - a scroll of enchant weapon
 s - a scroll of amnesia {unknown}
Potions
 d - a potion of might
 g - 4 potions of curing
 l - a potion of berserk rage
Comestibles
 f - 8 rations
 n - 2 chunks of flesh


   Skills:
 + Level 6.1 Fighting
 + Level 8.0 Axes
 + Level 6.4 Armour
 + Level 6.7 Shields


You had 7 spell levels left.
You didn't know any spells.
Your spell library contained the following spells:

 Spells                   Type           Power        Failure   Level  Hunger
 Confuse                  Hex            #.......     100%        3    ####...
 Tukima's Dance           Hex            #.......     100%        3    ####...
 Ensorcelled Hibernation  Hex/Ice        #.....       99%         2    ###....
 Corona                   Hex            #......      98%         1    ##.....
 Dazzling Spray           Conj/Hex       #.....       100%        3    ####...


Dungeon Overview and Level Annotations

Branches:
Dungeon (6/15)
 Temple: D:4-7

Altars:
Ashenzari
Makhleb
Qazlal
Trog


Innate Abilities, Weirdness & Mutations

You reflexively headbutt those who attack you in melee.
You have a pair of horns on your head.


Message History

Pikel is severely wounded.
Pikel hits you but does no damage. You block Pikel's attack.
You barely miss Pikel. Your headbutt misses Pikel.
Pikel is severely wounded.
Pikel barely misses you.
You slash Pikel!
Pikel explodes!
The fiery explosion engulfs the scorpion.
The scorpion explodes!
The fiery explosion engulfs the slave.
The slave explodes!
The fiery explosion engulfs the slave.
The slave explodes!
The fiery explosion engulfs the slave.
The slave explodes!
Qazlal accepts your kill.
Your Axes skill increases to level 8!
The fiery explosion engulfs you!
Ouch! That really hurt!
You die...

.......(..?#
...........#
........†..+
#.....%..#######
#...§§§.........
#...§§§...###...
#####§#+#<# #§#
### #@# #.# #..
##.# .# .# .# .#


There were no monsters in sight!

Vanquished Creatures
  Eustachio (D:5)
  4 slaves (D:6)
  An ice beast (D:5)
  2 centaurs
  2 jellies (D:3)
  3 scorpions
  2 howler monkeys
  A crimson imp (D:3)
  3 hounds
  An orc priest (D:4)
  Crazy Yiuf (D:2)
  An iguana (D:4)
  4 worker ants
  Robin (D:2)
  A worker ant zombie (D:6)
  4 gnolls (D:5)
  7 adders
  A shadow imp (D:5)
  3 worms
  4 dart slugs
  5 leopard geckos
  11 orcs
  8 giant cockroaches
  15 goblins
  14 hobgoblins
  8 jackals
  A ball python (D:5)
  11 bats
  4 frilled lizards
  9 kobolds
  2 leopard gecko skeletons (D:4)
  12 rats
147 creatures vanquished.

Notes
Turn   | Place    | Note
-------+----------+-------------------------------------------
     0 | D:1      | KillYourself the Minotaur Fighter began the quest for the Orb.
     0 | D:1      | Reached XP level 1. HP: 19/19 MP: 0/0
    76 | D:1      | Reached XP level 2. HP: 23/27 MP: 1/1
   556 | D:2      | Noticed a centaur
   563 | D:2      | Reached XP level 3. HP: 29/33 MP: 2/2
   571 | D:2      | Killed a centaur
   571 | D:2      | Reached skill level 3 in Axes
   571 | D:2      | Reached XP level 4. HP: 16/41 MP: 3/3
   831 | D:2      | Reached XP level 5. HP: 47/47 MP: 4/4
   882 | D:2      | Found a runed door.
   955 | D:2      | Reached skill level 4 in Axes
   980 | D:2      | Noticed Robin
  1013 | D:2      | Killed Robin
  1571 | D:2      | Noticed Crazy Yiuf
  1580 | D:2      | Killed Crazy Yiuf
  1580 | D:2      | Reached skill level 5 in Shields
  2056 | D:3      | Reached XP level 6. HP: 53/53 MP: 5/5
  2148 | D:3      | Reached skill level 5 in Axes
  2148 | D:3      | Reached skill level 5 in Armour
  2571 | D:3      | Found a burning altar of Makhleb.
  2841 | D:4      | Reached skill level 5 in Fighting
  2862 | D:4      | Reached skill level 6 in Axes
  2928 | D:4      | Reached XP level 7. HP: 55/61 MP: 6/6
  3639 | D:5      | Entered Level 5 of the Dungeon
  3690 | D:5      | Reached skill level 7 in Axes
  3829 | D:5      | Found a stormy altar of Qazlal.
  3843 | D:5      | Became a worshipper of Qazlal Stormbringer
  3871 | D:5      | Noticed Eustachio
  3901 | D:5      | Killed Eustachio
  3901 | D:5      | Reached XP level 8. HP: 65/70 MP: 7/7
  3909 | D:5      | Found a bloodstained altar of Trog.
  3956 | D:5      | Found a shattered altar of Ashenzari.
  4332 | D:6      | Noticed Pikel
  4353 | D:6      | Killed Pikel
  4353 | D:6      | Reached skill level 8 in Axes
  4353 | D:6      | Killed from afar by Pikel

Vault maps used:
D:1:      minmay_arrival_wavy_path
D:2:      minmay_heptomino_o4, uniq_crazy_yiuf_cottage, uniq_robin
D:3:      makhleb_blood_cavern_becter
D:5:      overflow_temple_1_default, basic_altar, first_ration, bloody_trog,
          uniq_eustachio
D:6:      temple_green, serial_shops, nicolae_shop_behind_doors, st_stairs_4,
          uniq_edmund, uniq_pikel

Skill      XL: |  1  2  3  4  5  6  7  8 |
---------------+-------------------------+-----
Shields        | 4 5 6 |  6.7
Armour         | 4 5 6 |  6.4
Fighting       | 4 5 6 |  6.1
Axes           | 3 4 6 7 8 |  8.0

Action                   |  1- 3 |  4- 6 |  7- 9 || total
-------------------------+-------+-------+-------++-------
Melee: War axe           |    54 |   173 |   118 ||   345
       Headbutt          |     8 |    29 |    18 ||    55
  Use: Potion            |     4 |       |     3 ||     7
       Scroll            |     3 |     1 |     4 ||     8
  Eat: Chunk             |       |     7 |     4 ||    11
Armor: Scale mail        |    24 |    72 |    51 ||   147
Dodge: Dodged            |    12 |    54 |    37 ||   103
Block: Shield            |    30 |    90 |    68 ||   188

Table legend:
 A = Spawn XP
 B = Non-spawn XP
 C = Spawn XP percentage of total XP
 D = Spawn monster count
 E = Non-spawn monster count
 F = Spawn count percentage of total count
 G = Total turns spent on level
                    A         B        C        D         E        F      G
               +---------+---------+-------+---------+---------+-------+---------
         Total |       0 |    1816 |   0.0 |       0 |     143 |   0.0 |  4353
               +---------+---------+-------+---------+---------+-------+---------
           D:1 |       0 |      36 |   0.0 |       0 |      22 |   0.0 |   496
           D:2 |       0 |     270 |   0.0 |       0 |      49 |   0.0 |  1425
           D:3 |       0 |     286 |   0.0 |       0 |      25 |   0.0 |   898
           D:4 |       0 |     409 |   0.0 |       0 |      23 |   0.0 |   820
           D:5 |       0 |     687 |   0.0 |       0 |      21 |   0.0 |   692
           D:6 |       0 |     128 |   0.0 |       0 |       3 |   0.0 |    22
               +---------+---------+-------+---------+---------+-------+---------
